 Dungeon Crawl Stone Soup version 0.27-a0-1245-g940ed4fa31 (webtiles) character file.

Game seed: 4684224461147249511

1259 Zeld the Cleaver (level 8, -1/71 HPs)
             Began as a Minotaur Berserker on June 9, 2021.
             Was an Elder of Trog.
             Slain by an orc warrior
             ... wielding a +0 flail
              (11 damage)
             ... on level 6 of the Dungeon.
             The game lasted 00:06:20 (7492 turns).

Zeld the Cleaver (Minotaur Berserker)               Turns: 7492, Time: 00:06:21

Health: -1/71      AC:  2    Str: 24    XL:     8   Next: 27%
Magic:  7/7        EV: 13    Int:  4    God:    Trog [****..]
Gold:   50         SH:  0    Dex: 10    Spells: 7/7 levels left

rFire    . . .     SeeInvis .   a - +0 hand axe
rCold    . . .     Faith    .   (no shield)
rNeg     . . .     Spirit   .   b - +0 animal skin
rPois    .         Reflect  .   (helmet restricted)
rElec    .         Harm     .   (no cloak)
rCorr    .         Rampage  .   (no gloves)
Will     .....                  (no boots)
Stlth    +.........             (no amulet)
HPRegen  0.21/turn              (no ring)
MPRegen  0.10/turn              (no ring)

@: on berserk cooldown, slowed, very slow
A: horns 2, retaliatory headbutt
a: Renounce Religion, Berserk, Trog's Hand, Brothers in Arms


You were on level 6 of the Dungeon.
You worshipped Trog.
Trog was greatly pleased with you.
You visited 2 branches of the dungeon, and saw 7 of its levels.
You also visited: Ossuary.

You collected 190 gold pieces.
You spent 140 gold pieces at shops.

Inventory:

Hand Weapons
 a - a +0 hand axe (weapon)
Armour
 b - a +0 animal skin (worn)
Jewellery
 p - a ring of resist corrosion
Wands
 k - a wand of polymorph (6)
Scrolls
 c - 2 scrolls of identify
 f - 5 scrolls of teleportation
 n - a scroll of blinking
Potions
 d - 3 potions of brilliance {unknown}
 e - 3 potions of degeneration {unknown}
 g - 2 potions of curing {unknown}
 h - a potion of haste {unknown}
 i - 3 potions of invisibility {unknown}
 j - a potion of might {unknown}
 l - a potion of ambrosia {unknown}
 m - a potion of experience {unknown}
 o - 3 potions of heal wounds


   Skills:
 + Level 6.3 Fighting
 * Level 8.5 Axes
 + Level 5.9 Armour
 + Level 5.2 Dodging


You had 7 spell levels left.
You didn't know any spells.
Your spell library was empty.

Dungeon Overview and Level Annotations

Branches:
Dungeon (6/15)             Temple (1/1) D:4         Ossuary (visited)

Altars:
Ashenzari
Cheibriados
Dithmenos
Fedhas
Gozag
Hepliaklqana
Kikubaaqudgha
Makhleb
Nemelex Xobeh
Qazlal
Sif Muna
Trog
Uskayaw
Vehumet
Wu Jian
Zin

Shops:
D:1 *


Innate Abilities, Weirdness & Mutations

You have a pair of horns on your head.
You reflexively headbutt those who attack you in melee.


Message History

The orc priest looks satisfied for a moment.
The orc warrior hits you with a +0 flail!!
You closely miss the orc warrior.
The orc warrior hits you with a +0 flail!!
* * * LOW HITPOINT WARNING * * *
The orc priest calls down the wrath of Beogh upon you.
Beogh smites you!
* * * LOW HITPOINT WARNING * * *
Unknown command.
You are too injured to fight recklessly!
You are too injured to fight recklessly!
A red film seems to cover your vision as you go berserk!
You feel yourself moving faster!
You feel mighty! The orc warrior barely misses you.
You closely miss the orc warrior. The orc warrior barely misses you.
You hit the orc warrior.
The orc warrior is lightly wounded.
You hit the orc warrior. You headbutt the orc warrior!
The orc warrior is heavily wounded.
You closely miss the orc priest. The orc warrior completely misses you.
The orc priest mumbles some strange prayers to Beogh against you.
You struggle to resist.
You slash the orc priest! Your headbutt misses the orc priest.
The orc priest is almost dead.
You hit the orc warrior. You slash the orc priest!
You kill the orc priest!
Trog accepts your kill.
You barely miss the orc warrior. The orc warrior closely misses you.
Items here: )) [ †.
You feel a strong urge to attack something.
The orc warrior barely misses you. You furiously retaliate!
You headbutt the orc warrior!
You feel your anger nearly subside.
You are no longer berserk.
You are exhausted.
You feel yourself slow down.
You closely miss the orc warrior.
The orc warrior is almost dead.
The orc warrior hits you with a +0 flail!
You die...

#### ##. ..# ...
#.####.#
#<.....#
#).....# #
#).)...##
#.##.##.........
#......o....####
####...@..###
#.###### #. . .
..


You could see an orc warrior.

Vanquished Creatures
  Edmund (D:4)
  A sky beast (D:5)
  An elf zombie (Ossuary)
  An elf skeleton (D:5)
  2 hounds
  A centaur zombie (D:5)
  5 human zombies
  4 orc priests
  A centaur skeleton (D:5)
  2 human skeletons (D:5)
  Ijyb (D:4)
  Natasha (thrice) (D:2)
  3 orc wizards
  2 mummies (Ossuary)
  Robin (D:3)
  4 gnolls (D:2)
  7 adders
  A shadow imp (D:5)
  2 ufetubi (D:5)
  An adder zombie (Ossuary)
  An adder skeleton (D:4)
  2 worms
  3 dart slugs
  13 orcs
  9 ball pythons
  5 bats
  4 endoplasms
  3 giant cockroaches
  14 goblins
  6 hobgoblins
  2 quokkas
  4 frilled lizards
  A goblin zombie (Ossuary)
  11 hobgoblin zombies (Ossuary)
  A jackal zombie (Ossuary)
  10 kobolds
  6 kobold zombies (Ossuary)
  10 orc zombies
  6 rats
  4 rat zombies (Ossuary)
159 creatures vanquished.

Notes
Turn   | Place    | Note
-------+----------+-------------------------------------------
     0 | D:1      | Zeld the Minotaur Berserker began the quest for the Orb.
     0 | D:1      | Reached XP level 1. HP: 19/19 MP: 0/0
   437 | D:1      | Reached XP level 2. HP: 27/27 MP: 1/1
   472 | D:1      | Reached skill level 4 in Axes
   476 | D:1      | Found Rixuovib's Assorted Antiques.
   489 | D:1      | Bought a black potion for 16 gold pieces
  1247 | D:2      | Noticed Natasha
  1251 | D:2      | Reached XP level 3. HP: 33/33 MP: 2/2
  1253 | D:2      | Killed Natasha
  1320 | D:1      | Bought a silvery potion for 16 gold pieces
  1361 | D:2      | Noticed Natasha
  1366 | D:2      | Reached XP level 4. HP: 40/40 MP: 3/3
  1368 | D:2      | Reached ** piety under Trog
  1369 | D:2      | Killed Natasha
  1370 | D:2      | Reached skill level 5 in Axes
  1412 | D:2      | Noticed Natasha
  1424 | D:2      | Killed Natasha
  1425 | D:2      | Reached XP level 5. HP: 47/47 MP: 4/4
  2354 | D:3      | Reached XP level 6. HP: 16/55 MP: 5/5
  2669 | D:3      | Noticed Robin
  2677 | D:3      | Reached *** piety under Trog
  2679 | D:3      | Reached skill level 6 in Axes
  2684 | D:3      | Killed Robin
  3844 | D:3      | Reached skill level 5 in Fighting
  3902 | D:4      | Found a radiant altar of Vehumet.
  3999 | D:4      | Noticed Ijyb
  4014 | D:4      | Paralysed by Ijyb for 3 turns
  4027 | D:4      | Paralysed by Ijyb for 4 turns
  4033 | D:4      | Killed Ijyb
  4332 | D:4      | Noticed Edmund
  4344 | D:4      | Killed Edmund
  4345 | D:4      | Reached XP level 7. HP: 47/61 MP: 6/6
  4645 | D:4      | Found a staircase to the Ecumenical Temple.
  4658 | Temple   | Entered the Ecumenical Temple
  5179 | D:5      | Entered Level 5 of the Dungeon
  5291 | D:5      | Reached skill level 7 in Axes
  5382 | D:5      | Reached skill level 5 in Armour
  5729 | D:5      | Found a sand-covered staircase.
  5742 | Ossuary  | Entered an ossuary
  5867 | Ossuary  | Reached **** piety under Trog
  6523 | D:5      | Found a blossoming altar of Fedhas.
  6523 | D:5      | Found a burning altar of Makhleb.
  6536 | D:5      | Reached XP level 8. HP: 50/70 MP: 7/7
  6537 | D:5      | Reached skill level 8 in Axes
  6688 | D:5      | Found a hide-covered altar of Uskayaw.
  6691 | D:5      | Found a shimmering blue altar of Sif Muna.
  6693 | D:5      | Found a stormy altar of Qazlal.
  6813 | D:5      | Reached skill level 5 in Dodging
  7311 | D:1      | Bought 2 scrolls of teleportation for 108 gold pieces
  7492 | D:6      | Slain by an orc warrior

Illustrated notes

Levels and vault maps discovered:
D:1:      enne_arrival_octagon_isle, layout_basic, serial_shops, shop,
          nrook_uturn
D:2:      layout_rooms, minmay_misc_feat_ornament, uniq_natasha
D:3:      layout_basic, uniq_robin
D:4:      layout_loops_ring, nicolae_overflow_crystal_walls,
          minmay_temple_entry_mini_moons, hex_large,
          hangedman_abyss_or_decor_jellyfish_corner, uniq_edmund, uniq_ijyb
D:5:      layout_rooms, chequers_temple_overflow_minitemple,
          nicolae_ossuary_entry_catacombs, chequers_serial_rivers_small_3,
          minmay_misc_feat_secret_circle
D:6:      layout_loops_cross, gammafunk_temple_overflow_elements,
          columned_hall_lemuel, uniq_menkaure
Temple:   cyrus_temple_forest

Skill      XL: |  1  2  3  4  5  6  7  8 |
---------------+-------------------------+-----
Axes           | 4 5 6 7 8 |  8.5
Fighting       | 4 5 6 |  6.3
Armour         | 3 4 5 |  5.9
Dodging        | 3 4 5 |  5.2

Action                   |  1- 3 |  4- 6 |  7- 9 || total
-------------------------+-------+-------+-------++-------
Melee: Hand axe          |    46 |   164 |   222 ||   432
       Headbutt          |     5 |    30 |    44 ||    79
       Unarmed           |       |     2 |       ||     2
Invok: Berserk           |     3 |     4 |     4 ||    11
  Use: Scroll            |     1 |     1 |     5 ||     7
 Stab: Sleeping          |       |     2 |     1 ||     3
Armor: Animal skin       |     7 |    24 |    38 ||    69
Dodge: Dodged            |    40 |    81 |   109 ||   230

Table legend: (Time is in decaauts)
 A = Elapsed time spent in this place.
 B = Non-inter-level travel time spent in this place.
 C = Inter-level travel time spent in this place.
 D = Time resting spent in this place.
 E = Time spent auto-exploring this place.
 F = Levels seen in this place.
 G = Mean time per level.
                   A        B        C        D        E       F      G
               +--------+--------+--------+--------+--------+-----+--------+
         Total |   7560 |   7031 |    529 |   1276 |   4751 |   8 |  945.0 |
       Dungeon |   6729 |   6234 |    495 |   1054 |   4339 |   6 | 1121.5 |
        Temple |     91 |     57 |     34 |      0 |     56 |   1 |   91.0 |
       Ossuary |    738 |    738 |      0 |    221 |    356 |   1 |  738.0 |
               +--------+--------+--------+--------+--------+-----+--------+

Top non-repeatable levels by time:
     D:3: 1735 daAuts
     D:1: 1356 daAuts
     D:5: 1333 daAuts
     D:4: 1261 daAuts
     D:2: 1031 daAuts
 Ossuary: 738 daAuts
  Temple: 91 daAuts
     D:6: 12 daAuts
